[Event "Titled Tuesday Blitz September 27 Early 2022"]
[White "Aggelis, Nikolaos"]
[Black "Gan-Od, Sereenen"]
[WhiteFideId "4213220"]
[BlackFideId "4901304"]
[WhiteElo "2154"]
[BlackElo "2316"]
[Result "0-1"]
[Round "02"]
[TimeControl "180+1"]
[Date "2022.09.27"]
[WhiteClock "0:00:40"]
[BlackClock "0:00:38"]

1. Nf3 Nf6 2. d4 e6 3. g3 d5 4. Bg2 Be7 5. O-O O-O 6. c4 c6 7. Nbd2 b6 8. b3 Nbd7 9. Bb2 Ba6 10. Ne5 Rc8 11. Nxd7 Qxd7 12. Rc1 Rfd8 13. Re1 c5 14. dxc5 dxc4 15. Nxc4 Bxc5 16. Qxd7 Rxd7 17. Ne5 Rd2 18. Bc3 Rxe2 19. Rxe2 Bxe2 20. Nc6 Kf8 21. Nxa7 Rd8 22. Nc6 Rd7 23. Ne5 Rd8 24. Nc6 Rd7 25. Ne5 Ra7 26. a4 h5 27. Nc6 Rd7 28. Ne5 Rd8 29. Nc6 Re8 30. b4 Be7 31. Bd4 Rc8 32. Bxb6 Bxb4 33. Rc2 Bd3 34. Nxb4 Bxc2 35. a5 Be4 36. Bxe4 Nxe4 37. a6 Nd6 38. a7 Nb5 39. Na6 Ra8 40. Nc7 Nxc7 41. Bxc7 Rxa7 42. Bd6+ Ke8 43. h4 f6 44. Kg2 Rd7 45. Bb4 Kf7 46. Kf3 e5 47. Bd2 Rxd2 0-1


[Site "https://www.chess.com"]

[Event "Titled Tuesday Blitz September 27 Early 2022"]
[White "Ahmadzada, Ahmad"]
[Black "Aldokhin, Ivan"]
[WhiteFideId "13413007"]
[BlackFideId "24115720"]
[WhiteElo "2185"]
[BlackElo "2243"]
[Result "1-0"]
[Round "02"]
[TimeControl "180+1"]
[Date "2022.09.27"]
[WhiteClock "0:00:49"]
[BlackClock "0:00:09"]

1. Nf3 Nf6 2. g3 g6 3. Bg2 Bg7 4. O-O O-O 5. Re1 d5 6. d3 Nc6 7. Nbd2 Nd7 8. e4 e6 9. c3 Nc5 10. d4 Nxe4 11. Nxe4 dxe4 12. Rxe4 e5 13. Bg5 f6 14. Qb3+ Kh8 15. Bd2 Bf5 16. Ree1 exd4 17. Nxd4 Nxd4 18. cxd4 Qxd4 19. Be3 Qd3 20. Qxb7 Rab8 21. Qxc7 Rxb2 22. Qxa7 h5 23. a4 h4 24. Qd4 Qc2 25. Qxh4+ Kg8 26. Bd5+ Rf7 27. Bd4 Rb8 28. Rac1 Qd2 29. Bxf7+ Kxf7 30. Rc7+ Kg8 31. Rxg7+ Kxg7 32. Qxf6+ Kh6 33. Qh4# 1-0


[Site "https://www.chess.com"]

[Event "Titled Tuesday Blitz September 27 Early 2022"]
[White "Ahn, Hongjin"]
[Black "Aguilar, Juan"]
[WhiteFideId "13201492"]
[BlackFideId "3800091"]
[WhiteElo "1873"]
[BlackElo "2341"]
[Result "1-0"]
[Round "02"]
[TimeControl "180+1"]
[Date "2022.09.27"]
[WhiteClock "0:00:05"]
[BlackClock "0:00:01"]

1. c4 e5 2. Nc3 Nf6 3. g3 c6 4. Nf3 e4 5. Nd4 d5 6. cxd5 Qb6 7. e3 cxd5 8. d3 Nc6 9. dxe4 dxe4 10. Bg2 Bg4 11. Qa4 Bb4 12. O-O O-O 13. Nxc6 bxc6 14. Nxe4 Nxe4 15. Bxe4 Rac8 16. a3 Be7 17. Bxh7+ Kxh7 18. Qxg4 Bf6 19. e4 Rfe8 20. Rb1 Qb3 21. Bg5 Bxg5 22. Qxg5 Rcd8 23. Rbc1 Rd6 24. e5 Rde6 25. Rfe1 Qxb2 26. f4 Qd4+ 27. Kg2 Qd5+ 28. Kf2 Rb8 29. Rc2 Rb3 30. Qf5+ Kg8 31. Qe4 Qxe4 32. Rxe4 Rxa3 33. Rec4 a5 34. Rxc6 Rxc6 35. Rxc6 Ra2+ 36. Kf3 Rxh2 37. Rc8+ Kh7 38. Ra8 Ra2 39. g4 a4 40. Ke4 Rg2 41. Kf5 Ra2 42. g5 a3 43. Ra7 Ra1 44. Rxf7 a2 45. Ra7 Kg8 46. e6 Kf8 47. Kg6 Ke8 48. Kxg7 1-0


[Site "https://www.chess.com"]

[Event "Titled Tuesday Blitz September 27 Early 2022"]
[White "Aizpurua, Patrick Emilio"]
[Black "Molina, Roberto Junio Brito"]
[WhiteFideId "6600522"]
[BlackFideId "2109450"]
[WhiteElo "2378"]
[BlackElo "2403"]
[Result "0-1"]
[Round "02"]
[TimeControl "180+1"]
[Date "2022.09.27"]
[WhiteClock "0:00:31"]
[BlackClock "0:00:49"]

1. d4 d5 2. c4 c6 3. Nf3 Nf6 4. Nc3 dxc4 5. a4 Bf5 6. e3 e6 7. Bxc4 Bb4 8. O-O O-O 9. Qe2 Nbd7 10. e4 Bg6 11. Bd3 Bh5 12. e5 Nd5 13. Nxd5 cxd5 14. Qe3 Re8 15. Bd2 Bxd2 16. Nxd2 Rc8 17. a5 a6 18. Nb3 Qe7 19. Qd2 Rc7 20. Rfc1 Rec8 21. h3 Bg6 22. Bxg6 hxg6 23. Rxc7 Rxc7 24. Rc1 Nb8 25. Nc5 Nc6 26. b4 Na7 27. g3 Nb5 28. h4 Rc6 29. Kg2 f6 30. Re1 f5 31. Rh1 Kh7 32. h5 g5 33. Qd3 Kh6 34. g4 Qf7 35. gxf5 Qxf5 36. Qxf5 exf5 37. Rd1 b6 38. axb6 Rxb6 39. e6 Kxh5 40. Rh1+ Kg6 41. Rh8 Kf6 42. Rf8+ Ke7 43. Rf7+ Ke8 44. Rf6 gxf6 0-1


[Site "https://www.chess.com"]

[Event "Titled Tuesday Blitz September 27 Early 2022"]
[White "Al Hosani, Omran"]
[Black "Bortnyk, Mykola"]
[WhiteFideId "9308733"]
[BlackFideId "14120836"]
[WhiteElo "2167"]
[BlackElo "2582"]
[Result "0-1"]
[Round "02"]
[TimeControl "180+1"]
[Date "2022.09.27"]
[WhiteClock "0:00:02"]
[BlackClock "0:00:33"]

1. d4 Nf6 2. c4 e6 3. Nc3 Bb4 4. Bd2 c5 5. d5 exd5 6. cxd5 O-O 7. e3 d6 8. Nge2 b5 9. Nxb5 Nxd5 10. Nec3 Nf6 11. a3 Ba5 12. b4 cxb4 13. axb4 Bxb4 14. Nxa7 Bb7 15. Qb1 Qb6 16. Ra4 Nc6 17. Nab5 Rxa4 18. Nxa4 Bxd2+ 19. Kxd2 Qa5+ 20. Nac3 Ne5 21. f3 Rc8 22. Be2 Ba6 23. Qa1 Qb6 24. Rb1 Bxb5 25. Rxb5 Qc7 26. Ra5 Qd8 27. Ra7 h5 28. Qa2 d5 29. f4 Nc4+ 30. Bxc4 dxc4+ 31. Ke1 Ng4 32. Qd2 Qb6 33. Rd7 Nxe3 34. Na4 Qb1+ 35. Ke2 Re8 36. Rd8 Qf1# 0-1


[Site "https://www.chess.com"]

[Event "Titled Tuesday Blitz September 27 Early 2022"]
[White "Al-Tarboush, Ward"]
[Black "Eisa Mohmood, Alkhoori"]
[WhiteFideId "7601450"]
[BlackFideId "9316116"]
[WhiteElo "2234"]
[BlackElo "1245"]
[Result "1-0"]
[Round "02"]
[TimeControl "180+1"]
[Date "2022.09.27"]
[WhiteClock "0:00:57"]
[BlackClock "0:00:01"]

1. e4 c5 2. Nf3 d6 3. d4 cxd4 4. Nxd4 Nf6 5. Nc3 g6 6. Be2 Bg7 7. O-O O-O 8. Be3 Nc6 9. h3 d5 10. exd5 Nxd5 11. Nxd5 Qxd5 12. Bf3 Qd6 13. Nxc6 bxc6 14. Qxd6 exd6 15. Bxc6 Rb8 16. Rab1 Be6 17. b3 a5 18. c4 Rfc8 19. Bb5 d5 20. Rfc1 d4 21. Bd2 Ra8 22. c5 Bf5 23. Rb2 d3 24. Bc3 Rxc5 25. Bc4 Bh6 26. Bd2 Bg7 27. Bc3 Bh6 28. Rd1 a4 29. Bd4 a3 30. Rbb1 Rc7 31. Bxd3 Bxd3 32. Rxd3 Rc2 33. Ra1 Rd8 34. Rc3 Rd2 35. Bf6 Rd1+ 36. Rxd1 Rxd1+ 37. Kh2 Rc1 38. Rxc1 Bxc1 39. Kg3 Bb2 40. Be7 f5 41. Kf3 Kf7 42. Bb4 Ke6 43. Ke3 Kd5 44. Kd3 g5 45. Bc3 Bc1 46. Bd2 Bxd2 47. Kxd2 Kd4 48. Kc2 f4 49. Kd2 h5 50. Kc2 Ke4 51. b4 Kd4 52. Kb3 1-0


[Site "https://www.chess.com"]

[Event "Titled Tuesday Blitz September 27 Early 2022"]
[White "Alexikov, Alexander"]
[Black "Maltsevskaya, Aleksandra"]
[WhiteFideId "14103958"]
[BlackFideId "24174041"]
[WhiteElo "2222"]
[BlackElo "2243"]
[Result "0-1"]
[Round "02"]
[TimeControl "180+1"]
[Date "2022.09.27"]
[WhiteClock "0:00:03"]
[BlackClock "0:00:22"]

1. e4 c5 2. Nf3 e6 3. Nc3 Nc6 4. d4 cxd4 5. Nxd4 Nf6 6. Nxc6 bxc6 7. Bd3 d5 8. O-O Be7 9. Qe2 O-O 10. b3 a5 11. Bb2 Qb6 12. Na4 Qa7 13. c4 Ba6 14. Rac1 Rfd8 15. Rfd1 h6 16. h3 Rac8 17. e5 Nd7 18. Bd4 Qb8 19. f4 Nf8 20. Qe3 Ba3 21. Rb1 Nd7 22. f5 c5 23. Ba1 d4 24. Qf2 Nxe5 25. fxe6 fxe6 26. Be4 Rf8 27. Qe2 Rf4 28. Bb2 Bxb2 29. Nxb2 Rcf8 30. Rf1 Qd6 31. Nd3 Nxd3 32. Bxd3 e5 33. Rxf4 Rxf4 34. Re1 Bb7 35. Qxe5 Qf8 0-1


[Site "https://www.chess.com"]

[Event "Titled Tuesday Blitz September 27 Early 2022"]
[White "Aliakbarov, Anar"]
[Black "Albertini, Luca"]
[WhiteFideId "13401858"]
[BlackFideId "847038"]
[WhiteElo "2210"]
[BlackElo "2207"]
[Result "1-0"]
[Round "02"]
[TimeControl "180+1"]
[Date "2022.09.27"]
[WhiteClock "0:00:07"]
[BlackClock "0:00:04"]

1. d4 d5 2. Bf4 Nf6 3. Nf3 Bf5 4. e3 c5 5. c3 Nc6 6. Bd3 Bxd3 7. Qxd3 Qb6 8. Nbd2 e6 9. O-O Nh5 10. Bg5 h6 11. Bh4 g5 12. Bg3 Bg7 13. Bd6 Nxd4 14. cxd4 Qxd6 15. Qb5+ Qc6 16. Qxc5 Qxc5 17. dxc5 Bxb2 18. Rab1 Ba3 19. Rxb7 Bxc5 20. Ne5 O-O 21. Nd7 Rfc8 22. g4 Ng7 23. Nf6+ Kf8 24. Rfb1 Ne8 25. Nd7+ Kg8 26. Ne5 Rc7 27. Rxc7 Nxc7 28. Rb7 Bb6 29. Nd7 Ne8 30. Nf3 Bc7 31. a4 a5 32. Nd4 Bd6 33. Nb5 Bb4 34. Ne5 f6 35. Nc6 Nd6 36. Nxd6 Bxd6 37. Rb5 Ra6 38. Nd4 Bb4 39. Rb7 Kf8 40. Kg2 Kg8 41. h4 Kf8 42. h5 Kg8 43. Kf3 Rd6 44. Ra7 Rb6 45. Ke2 Bc3 46. Nb5 Bb4 47. Kd3 Rc6 48. f3 f5 49. Nd4 Rc3+ 50. Ke2 Ra3 51. gxf5 exf5 52. Nxf5 Rxa4 53. Nxh6+ Kh8 54. Nf7+ Kg8 55. Nxg5 Ra2+ 56. Kf1 Rh2 57. Ra8+ Kg7 58. Ne6+ Kf6 59. Nf4 d4 60. exd4 Kf5 61. Ne2 Rh1+ 62. Kg2 Re1 63. Ng3+ Kg5 64. Rg8+ Kh6 65. Rg6+ Kh7 66. Ra6 Rd1 67. Nf5 Rd2+ 68. Kh3 Rd1 69. Ra7+ Kh8 70. Kg4 Rg1+ 71. Kf4 Bd2+ 72. Ke5 Rh1 73. Ra6 Rxh5 74. Ke6 Rh1 75. Ra8+ Kh7 76. d5 Re1+ 77. Kf7 Bc3 78. Ra6 Rh1 79. d6 Rh5 80. Ke6 Rg5 81. Ra7+ Kg6 82. Ne7+ Kg7 83. d7 Re5+ 84. Kd6 Rxe7 85. Kxe7 Bb4+ 86. Ke8 Bc5 87. d8=Q+ Bxa7 88. Qd7+ Kf6 89. Qxa7 Kf5 90. Qxa5+ 1-0


[Site "https://www.chess.com"]

[Event "Titled Tuesday Blitz September 27 Early 2022"]
[White "Aloma Vidal, Robert"]
[Black "Cramling Bellon, Anna"]
[WhiteFideId "2260409"]
[BlackFideId "32009232"]
[WhiteElo "2435"]
[BlackElo "1905"]
[Result "1-0"]
[Round "02"]
[TimeControl "180+1"]
[Date "2022.09.27"]
[WhiteClock "0:00:44"]
[BlackClock "0:00:02"]

1. e4 c5 2. c3 Nf6 3. e5 Nd5 4. Nf3 e6 5. Bc4 d6 6. d4 cxd4 7. cxd4 Nc6 8. O-O dxe5 9. dxe5 Be7 10. Bd2 O-O 11. Nc3 Nb6 12. Bb3 Qc7 13. Rc1 Nxe5 14. Bf4 Nxf3+ 15. Qxf3 e5 16. Rfe1 exf4 17. Nd5 Qd6 18. Nxe7+ Kh8 19. Nxc8 Raxc8 20. Qxb7 Rxc1 21. Rxc1 Qd2 22. Rd1 Qxb2 23. Qxf7 Qf6 24. Qxa7 f3 25. g3 Qh6 26. Qa6 Qh3 27. Qf1 Qh5 28. h4 h6 29. Qd3 1-0


[Site "https://www.chess.com"]

[Event "Titled Tuesday Blitz September 27 Early 2022"]
[White "Andreikin, Dmitry"]
[Black "Mitrovic, Darko R"]
[WhiteFideId "4158814"]
[BlackFideId "927023"]
[WhiteElo "2736"]
[BlackElo "2150"]
[Result "1-0"]
[Round "02"]
[TimeControl "180+1"]
[Date "2022.09.27"]
[WhiteClock "0:00:52"]
[BlackClock "0:00:01"]

1. d4 Nf6 2. Bg5 e6 3. Nd2 d5 4. e3 b6 5. c3 Be7 6. f4 O-O 7. Ngf3 c5 8. Ne5 Nfd7 9. Bxe7 Qxe7 10. Bd3 Ba6 11. Bxa6 Nxa6 12. O-O f6 13. Nxd7 Qxd7 14. Rf3 b5 15. Rh3 b4 16. Nf3 bxc3 17. Qd3 g6 18. Qxa6 cxb2 19. Rb1 Rab8 20. dxc5 Rfc8 21. Qa3 Qb5 22. Qxa7 Rb7 23. Nd4 Rxa7 24. Nxb5 Rxa2 25. Nc3 Ra1 26. Kf2 Rxb1 27. Nxb1 Rxc5 28. e4 Rc1 29. Na3 Rc2+ 30. Ke1 Rc1+ 31. Kf2 b1=Q 32. Nxb1 Rxb1 33. exd5 exd5 34. Rc3 d4 35. Rc7 d3 36. Rd7 Rb2+ 37. Kf3 d2 38. g4 f5 39. g5 Ra2 40. h4 Rb2 41. Ke3 Ra2 42. Ke2 Rb2 43. Rd5 Ra2 44. h5 1-0


[Site "https://www.chess.com"]

[Event "Titled Tuesday Blitz September 27 Early 2022"]
[White "Arabidze, Meri"]
[Black "Ferreira, Vitor Hugo Vieira"]
[WhiteFideId "13604040"]
[BlackFideId "2119765"]
[WhiteElo "2335"]
[BlackElo "2168"]
[Result "1/2-1/2"]
[Round "02"]
[TimeControl "180+1"]
[Date "2022.09.27"]
[WhiteClock "0:00:14"]
[BlackClock "0:00:07"]

1. Nf3 Nf6 2. g3 d5 3. Bg2 Bg4 4. O-O Nbd7 5. d3 e6 6. h3 Bh5 7. Qe1 Be7 8. e4 O-O 9. Nc3 c6 10. e5 Ne8 11. d4 Bg6 12. Qe2 c5 13. Be3 Nc7 14. Rfd1 Rb8 15. Rac1 b5 16. dxc5 Nxc5 17. Nd4 Qd7 18. Nb3 Nxb3 19. axb3 a5 20. h4 h5 21. Bf3 f6 22. Bxh5 Bxh5 23. Qxh5 fxe5 24. Qxe5 Rf5 25. Qd4 e5 26. Qd3 d4 27. Ne4 Qe6 28. Bg5 Bf8 29. c3 Qxb3 30. cxd4 Qxd3 31. Rxd3 exd4 32. Rxc7 b4 33. Rxd4 a4 34. g4 Ra5 35. Bd2 a3 36. bxa3 Rxa3 37. h5 b3 38. Bc3 b2 39. Bxb2 Rxb2 40. Rd8 Rf3 41. Rd2 Rb4 42. Re2 Rf4 43. Ng3 Rxg4 44. Rc8 Kf7 45. Ra2 Bd6 46. Kg2 Bxg3 47. fxg3 Rb3 48. Rf2+ Ke6 49. Rf3 Rb2+ 50. Kh3 Rg5 51. g4 Rb4 52. Rc6+ Ke7 53. Rg6 Rxg6 54. hxg6 Rb6 55. Rf7+ Ke8 56. Rxg7 Kf8 57. Rf7+ Kg8 58. Ra7 Rxg6 59. Kh4 Rh6+ 60. Kg5 Rc6 61. Kh5 Rd6 62. g5 Rc6 63. Rb7 Rd6 64. Rc7 Rb6 65. Ra7 Rc6 66. Ra8+ Kg7 67. Ra7+ Kg8 1/2-1/2


[Site "https://www.chess.com"]

[Event "Titled Tuesday Blitz September 27 Early 2022"]
[White "Ardila, Oscar Humberto"]
[Black "Fries-Nielsen, Jens Ove"]
[WhiteFideId "4404742"]
[BlackFideId "1400142"]
[WhiteElo "1898"]
[BlackElo "2524"]
[Result "1-0"]
[Round "02"]
[TimeControl "180+1"]
[Date "2022.09.27"]
[WhiteClock "0:01:41"]
[BlackClock "0:02:19"]

1. d4 d5 2. c4 c6 3. e3 e6 4. Nc3 f5 5. Nf3 Bd6 6. Bd3 Nh6 7. Qc2 O-O 8. Bd2 Nd7 9. O-O-O a6 10. Kb1 b5 11. c5 Bc7 12. Ne2 a5 13. Nf4 Qe7 14. h4 b4 15. Ng5 Bxf4 16. exf4 Ba6 17. Rde1 Rf6 18. Bxa6 Rxa6 19. Re2 Nf8 20. h5 a4 21. Bxb4 Qb7 22. a3 Qb5 23. Rhe1 Nf7 24. Nxe6 1-0


[Site "https://www.chess.com"]

[Event "Titled Tuesday Blitz September 27 Early 2022"]
[White "Azadaliyev, Jahandar"]
[Black "Saya, Ethan"]
[WhiteFideId "13425811"]
[BlackFideId "26095181"]
[WhiteElo "1810"]
[BlackElo "2162"]
[Result "1/2-1/2"]
[Round "02"]
[TimeControl "180+1"]
[Date "2022.09.27"]
[WhiteClock "0:00:25"]
[BlackClock "0:00:50"]

1. e4 d5 2. exd5 Qxd5 3. Nc3 Qa5 4. d3 Nf6 5. Nf3 Nc6 6. Be2 Bg4 7. O-O O-O-O 8. h3 h5 9. Bd2 e6 10. Ne4 Qf5 11. Nh4 Bxe2 12. Qxe2 Qd5 13. Nxf6 gxf6 14. Qf3 f5 15. Bc3 Rg8 16. Qxd5 Rxd5 17. Nf3 Bg7 18. Rfe1 Bxc3 19. bxc3 Ra5 20. a4 Kd7 21. Reb1 b6 22. Rb5 Ke7 23. Re1 Kf6 24. Rxa5 Nxa5 25. Ne5 Rd8 26. f4 Rd6 27. Kf2 Nc6 28. Kf3 Ne7 29. c4 Ng6 30. g3 Rd8 31. Nc6 Rh8 32. h4 a5 33. Rb1 Ne7 34. Ne5 Ng6 35. Rb5 Nxe5+ 36. fxe5+ Ke7 37. c5 Rb8 38. cxb6 cxb6 39. Kf4 Kd7 40. c4 Kc7 41. d4 Rg8 42. c5 Rg4+ 43. Kf3 Rxd4 44. cxb6+ Kb7 45. Rxa5 Kxb6 46. Ra8 Re4 47. Rf8 Rxa4 48. Rxf7 Kc6 49. Rh7 Kd5 50. Rxh5 Kxe5 51. Rg5 Ra3+ 52. Kg2 Kf6 53. Rg8 e5 54. Rf8+ Ke6 55. h5 Ra2+ 56. Kh3 Ra1 57. Kh4 e4 58. h6 e3 59. Re8+ Kf6 60. Kh3 Rh1+ 61. Kg2 Rxh6 62. Rxe3 Kg5 63. Rf3 Ra6 64. Rf2 Ra3 65. Rf3 Ra2+ 66. Rf2 Ra1 67. Rf1 Ra4 68. Rf4 Rxf4 69. gxf4+ Kg4 70. Kf1 Kh3 71. Kf2 Kh2 72. Kf3 Kh3 73. Kf2 Kg4 74. Kg2 Kh4 75. Kh2 Kg4 76. Kg2 Kxf4 77. Kf2 Ke4 78. Ke2 Kf4 79. Kf2 Kg4 80. Kg2 Kg5 81. Kg3 Kf6 82. Kf4 Ke6 83. Kf3 Ke5 84. Ke3 f4+ 85. Kf3 Kf5 86. Kf2 Kg4 87. Kg2 Kf5 88. Kf2 Ke4 89. Ke2 f3+ 90. Kf2 Kf4 91. Kf1 Ke4 92. Kf2 Kf4 93. Kf1 Kf5 94. Kf2 Kg4 95. Kf1 Kg3 96. Kg1 Kf4 97. Kf2 Ke4 98. Kf1 Ke3 99. Ke1 Kd3 100. Kf2 Ke4 101. Kf1 Kf4 102. Kf2 Kg4 103. Kf1 Kg3 104. Kg1 Kh3 105. Kf2 Kg4 1/2-1/2


[Site "https://www.chess.com"]

[Event "Titled Tuesday Blitz September 27 Early 2022"]
[White "Babazada, Khazar"]
[Black "Niekras, Dawid"]
[WhiteFideId "13413554"]
[BlackFideId "1160451"]
[WhiteElo "2409"]
[BlackElo "2296"]
[Result "0-1"]
[Round "02"]
[TimeControl "180+1"]
[Date "2022.09.27"]
[WhiteClock "0:00:06"]
[BlackClock "0:00:05"]

1. c4 e5 2. Nc3 Nf6 3. Nf3 Nc6 4. e4 Bb4 5. d3 d6 6. Be2 O-O 7. O-O h6 8. a3 Bc5 9. b4 Bb6 10. Na4 Bd4 11. Nxd4 Nxd4 12. Bb2 a5 13. b5 c6 14. Bxd4 exd4 15. bxc6 bxc6 16. Rb1 Nd7 17. f4 f5 18. exf5 Rxf5 19. Bg4 Rf6 20. Qe2 Nf8 21. Bxc8 Rxc8 22. Rb7 Rc7 23. Rxc7 Qxc7 24. Qe4 c5 25. Rb1 Qf7 26. g3 Qh5 27. Qd5+ Qxd5 28. cxd5 Rf5 29. Nb6 Ng6 30. Re1 Kf7 31. Re6 Ne7 32. Rxd6 g5 33. fxg5 hxg5 34. Rd7 Ke8 35. g4 Re5 36. Rd6 Re3 37. Re6 Rxe6 38. dxe6 Nc6 39. Nc4 Ke7 40. Kg2 Kxe6 41. h3 a4 42. Kf2 Kd5 43. Nb2 Ne5 44. Ke2 Ng6 45. Nxa4 Nf4+ 46. Kd2 Nxh3 47. Nb6+ Kc6 48. Nc4 Nf2 49. Ne5+ Kd5 50. Ke2 Nh3 51. Nf3 Nf4+ 52. Kd2 Ne6 53. a4 c4 54. a5 c3+ 55. Kc2 Kc5 56. a6 Kb6 57. Kb3 Kxa6 58. Ne1 Kb5 59. Nf3 Kc5 60. Ne5 Kd5 61. Nf3 Nc5+ 62. Kc2 Ne6 63. Kb3 Nf4 64. Kc2 Nh3 65. Kb3 Nf2 66. Kc2 Nxg4 67. Nxg5 Ne3+ 68. Kb3 Nd1 69. Nf3 Nf2 70. Kc2 Ng4 71. Ng5 Ne3+ 72. Kb3 Nf5 73. Ne4 Nd6 74. Nf6+ Kc5 75. Ne4+ Kd5 76. Nf6+ Kc6 77. Ng4 Kc5 78. Nf6 Nb5 79. Ne4+ Kd5 80. Nf6+ Ke5 81. Nd7+ Kf4 82. Nc5 Ke3 83. Kc4 c2 84. Nb3 Nd6+ 85. Kd5 Kxd3 86. Kxd6 Kc3 87. Nc1 d3 88. Kd5 d2 0-1


[Site "https://www.chess.com"]

[Event "Titled Tuesday Blitz September 27 Early 2022"]
[White "Bachmann, Axel"]
[Black "Chernomordik, Pavel"]
[WhiteFideId "3700488"]
[BlackFideId "2804530"]
[WhiteElo "2595"]
[BlackElo "2217"]
[Result "1-0"]
[Round "02"]
[TimeControl "180+1"]
[Date "2022.09.27"]
[WhiteClock "0:00:59"]
[BlackClock "0:01:00"]

1. d4 g6 2. g3 Bg7 3. Bg2 d6 4. e4 Nf6 5. Nc3 O-O 6. Nge2 Nbd7 7. O-O c5 8. dxc5 Nxc5 9. Be3 Ng4 10. Bd4 Ne5 11. Nd5 Nc6 12. Bxg7 Kxg7 13. c3 b6 14. Nd4 Bb7 15. Nxc6 Bxc6 16. Re1 Rc8 17. Qd4+ e5 18. Qd2 Ne6 19. Rad1 Qd7 20. f4 exf4 21. gxf4 Bxd5 22. exd5 Nc5 23. Re3 Rfe8 24. Qd4+ Kg8 25. Bh3 f5 26. Rde1 Ne4 27. Rxe4 Rxe4 28. Rxe4 Qb5 29. Re7 1-0


[Site "https://www.chess.com"]

[Event "Titled Tuesday Blitz September 27 Early 2022"]
[White "Bacrot, Etienne"]
[Black "Barria Zuniga, Daniel"]
[WhiteFideId "605506"]
[BlackFideId "3400816"]
[WhiteElo "2666"]
[BlackElo "2414"]
[Result "1-0"]
[Round "02"]
[TimeControl "180+1"]
[Date "2022.09.27"]
[WhiteClock "0:00:53"]
[BlackClock "0:00:18"]

1. e4 c5 2. Nf3 Nc6 3. Bb5 Na5 4. c3 a6 5. Ba4 b5 6. Bc2 Bb7 7. d4 e6 8. O-O Nf6 9. Re1 Be7 10. dxc5 Bxc5 11. b4 Bxf2+ 12. Kxf2 Nc4 13. h3 O-O 14. e5 Nd5 15. Qd3 f5 16. Nbd2 Rc8 17. Nb3 d6 18. exd6 Qxd6 19. Qd4 Rf7 20. Nc5 e5 21. Nxe5 Nxe5 22. Qxe5 Qg6 23. Nxb7 Nxc3 24. Nd6 Ne4+ 25. Bxe4 fxe4+ 26. Kg1 Rf2 27. Qd5+ Kh8 28. Kxf2 Rc2+ 29. Bd2 1-0


[Site "https://www.chess.com"]

[Event "Titled Tuesday Blitz September 27 Early 2022"]
[White "Badelka, Olga"]
[Black "Martin, Lewis"]
[WhiteFideId "13509926"]
[BlackFideId "410551"]
[WhiteElo "2165"]
[BlackElo "2145"]
[Result "1-0"]
[Round "02"]
[TimeControl "180+1"]
[Date "2022.09.27"]
[WhiteClock "0:00:49"]
[BlackClock "0:00:19"]

1. c4 c6 2. Nf3 Nf6 3. e3 d5 4. b3 Nbd7 5. Bb2 e6 6. Be2 Be7 7. Nc3 dxc4 8. bxc4 b6 9. g4 O-O 10. g5 Ne8 11. h4 Bb7 12. h5 Bxg5 13. Rg1 Bf6 14. Qc2 h6 15. Ne4 Bxb2 16. Qxb2 c5 17. Nd6 Nef6 18. Nxb7 Qc7 19. Nh4 Qh2 20. Nf3 Qc7 21. O-O-O Qxb7 22. Ne5 Nxe5 23. Qxe5 Qe7 24. Qf4 Kh8 25. Rxg7 Kxg7 26. Rg1+ Kh8 27. Qxh6+ Nh7 28. Qg7# 1-0


[Site "https://www.chess.com"]

[Event "Titled Tuesday Blitz September 27 Early 2022"]
[White "Balint, Vilmos"]
[Black "Madaminov, Mukhiddin"]
[WhiteFideId "718050"]
[BlackFideId "14210703"]
[WhiteElo "2076"]
[BlackElo "2106"]
[Result "0-1"]
[Round "02"]
[TimeControl "180+1"]
[Date "2022.09.27"]
[WhiteClock "0:01:40"]
[BlackClock "0:01:25"]

1. e4 e5 2. f4 d5 3. exd5 exf4 4. Nf3 Nf6 5. Bc4 Nxd5 6. O-O Be7 7. Nc3 Nxc3 8. bxc3 O-O 9. d4 Bd6 10. Rb1 Nd7 11. Bd3 Nf6 12. c4 b6 13. d5 Ng4 14. c3 Bd7 15. Nd4 Qh4 16. h3 Ne3 17. Bxe3 fxe3 18. Bf5 Qg3 19. Rf3 Qh2+ 20. Kf1 Qh1+ 21. Ke2 Qxg2+ 22. Kxe3 Rfe8+ 23. Kd3 Bxf5+ 24. Nxf5 Re5 25. Rg3 Qe4+ 26. Kd2 Rxf5 0-1


[Site "https://www.chess.com"]

[Event "Titled Tuesday Blitz September 27 Early 2022"]
[White "Bartel, Michal"]
[Black "Dahale, Atul"]
[WhiteFideId "1119257"]
[BlackFideId "5037794"]
[WhiteElo "2274"]
[BlackElo "2017"]
[Result "1-0"]
[Round "02"]
[TimeControl "180+1"]
[Date "2022.09.27"]
[WhiteClock "0:02:04"]
[BlackClock "0:00:49"]

1. e4 d6 2. d4 Nf6 3. Nc3 g6 4. g3 Bg7 5. Bg2 O-O 6. Nge2 c6 7. O-O Nbd7 8. h3 e5 9. Be3 Re8 10. a4 a5 11. Qd2 Qc7 12. Rad1 Nb6 13. b3 Be6 14. f4 exd4 15. Nxd4 Rad8 16. g4 d5 17. e5 Ne4 18. Nxe4 dxe4 19. Qf2 Nd5 20. Nxe6 fxe6 21. Bxe4 Nxe3 22. Qxe3 Bf8 23. Kg2 b5 24. Qc3 bxa4 25. bxa4 Bb4 26. Qxc6 Qxc6 27. Bxc6 Rxd1 28. Rxd1 Rc8 29. Be4 Rc4 30. Kf3 Rc3+ 31. Rd3 Rc4 32. h4 Bf8 33. Rd7 Rxa4 34. h5 Ra3+ 35. Ke2 Rg3 36. hxg6 hxg6 37. g5 a4 38. Bxg6 a3 39. Bf7+ Kh8 40. Bxe6 Rg2+ 41. Kd3 Bb4 42. Rb7 Rd2+ 43. Ke4 Bc3 44. g6 Rg2 45. Rh7# 1-0


[Site "https://www.chess.com"]

[Event "Titled Tuesday Blitz September 27 Early 2022"]
[White "Bashirli, Saadat"]
[Black "Dushyant Sharma"]
[WhiteFideId "13429990"]
[BlackFideId "25065130"]
[WhiteElo "1173"]
[BlackElo "2144"]
[Result "1-0"]
[Round "02"]
[TimeControl "180+1"]
[Date "2022.09.27"]
[WhiteClock "0:00:16"]
[BlackClock "0:00:09"]

1. d4 d5 2. Bg5 h6 3. Bf4 Nf6 4. Nf3 e6 5. e3 Bd6 6. Bxd6 cxd6 7. Bd3 Nc6 8. O-O e5 9. dxe5 dxe5 10. Bb5 Qd6 11. c4 e4 12. Nd4 O-O 13. cxd5 Nxd5 14. Nxc6 bxc6 15. Bc4 Rb8 16. b3 Rd8 17. Qc2 Qe5 18. Nd2 Nb4 19. Qxe4 Qh5 20. Nf3 Bf5 21. Qe7 Rd7 22. Qe5 Rbd8 23. Nd4 Bg6 24. Qxh5 Bxh5 25. a3 Nd5 26. Nxc6 Re8 27. Rac1 Nb6 28. Bb5 Rd2 29. Nd4 Re5 30. Bc6 Rb2 31. Rc3 Kh7 32. h3 Bg6 33. Rfc1 Ra5 34. a4 Rg5 35. Rc5 Rxc5 36. Rxc5 Nc8 37. Bd5 Nd6 38. Ra5 Nc8 39. Bc4 Nd6 40. Rxa7 Nxc4 41. bxc4 Rb4 42. c5 Rc4 43. c6 Be4 44. c7 f5 45. a5 f4 46. a6 Rc1+ 47. Kh2 fxe3 48. fxe3 Kg6 49. Rb7 Ra1 50. Rb6+ Kh5 51. c8=Q Ra2 52. Qg4# 1-0


[Site "https://www.chess.com"]

[Event "Titled Tuesday Blitz September 27 Early 2022"]
[White "Bayo Milagro, Alvaro"]
[Black "Vokhidov, Shamsiddin"]
[WhiteFideId "22275240"]
[BlackFideId "14204223"]
[WhiteElo "2270"]
[BlackElo "2619"]
[Result "0-1"]
[Round "02"]
[TimeControl "180+1"]
[Date "2022.09.27"]
[WhiteClock "0:00:10"]
[BlackClock "0:00:20"]

1. e4 c5 2. Nf3 d6 3. d4 cxd4 4. Nxd4 Nf6 5. Nc3 a6 6. Be2 e5 7. Nb3 Be7 8. O-O O-O 9. Kh1 Re8 10. a4 Nc6 11. Be3 Be6 12. Qd3 Nb4 13. Qd2 d5 14. exd5 Nfxd5 15. Nxd5 Nxd5 16. Bc5 Qc7 17. Bxe7 Rxe7 18. Bf3 Rd7 19. Rad1 Rc8 20. Qa5 Qxa5 21. Nxa5 Rxc2 22. Nxb7 Rxb7 23. Bxd5 Bxd5 24. Rxd5 f6 25. Rd6 Rbxb2 26. Kg1 e4 27. Rxa6 e3 28. g3 Rd2 29. Re6 exf2+ 30. Kg2 Ra2 31. Re4 g5 32. h4 h6 33. hxg5 hxg5 34. a5 Kf7 35. a6 f5 36. Rb4 Rxa6 37. Rxf2 Rxf2+ 38. Kxf2 Ra2+ 39. Kf3 Ra3+ 40. Kf2 Rd3 41. Rb6 Rd5 42. Ra6 Re5 43. Kf3 Re6 44. Ra8 Kf6 45. Rg8 g4+ 46. Kf2 Rb6 47. Rf8+ Ke6 48. Re8+ Kf7 49. Re5 Kf6 50. Re8 Rb2+ 51. Kf1 Rb3 52. Kf2 Rf3+ 53. Kg2 Kf7 54. Re5 Kf6 55. Re2 Rd3 56. Re8 Rd6 57. Re2 Re6 58. Rb2 Ke5 59. Rb5+ Kf6 60. Ra5 Rd6 61. Rb5 Ke6 62. Rb8 Rd2+ 63. Kf1 Ke5 64. Re8+ Kd4 65. Re7 Rd3 66. Kf2 Rd2+ 67. Kf1 Rc2 68. Re8 Kd3 69. Re7 Kd4 70. Re8 Rc3 71. Kf2 Rf3+ 72. Kg2 Re3 73. Rf8 Ke4 74. Re8+ Kd3 75. Rf8 Re5 76. Kf2 Re2+ 77. Kf1 Re5 78. Kf2 Rd5 79. Rf7 Rb5 80. Rd7+ Ke4 81. Re7+ Re5 82. Ra7 Rd5 83. Re7+ Re5 84. Ra7 Rc5 85. Re7+ Kd4 86. Rd7+ Ke5 87. Re7+ Kf6 88. Re8 Rc2+ 89. Kf1 Rd2 90. Ra8 Ke5 91. Re8+ Kd4 92. Rd8+ Ke3 93. Rf8 Kf3 94. Rxf5+ Kxg3 95. Kg1 Rd1+ 0-1


[Site "https://www.chess.com"]